 Dungeon Crawl Stone Soup version 0.24-a0-252-g5076262 (webtiles) character file.

Game seed: 12228724886610041102

59889 Borgoz the Slicer (level 14, -3/90 HPs)
             Began as a Gargoyle Gladiator on Apr 17, 2019.
             Was a High Priest of Ashenzari.
             Slain by an orc knight
             ... wielding a +0 war axe
              (25 damage)
             ... on level 2 of the Orcish Mines.
             The game lasted 00:43:59 (23132 turns).

Borgoz the Slicer (Gargoyle Gladiator)             Turns: 23132, Time: 00:43:59

Health: -3/90      AC: 28    Str: 24    XL:     14   Next: 97%
Magic:  17/17      EV: 21    Int:  9    God:    Ashenzari [*****.]
Gold:   2231       SH:  0    Dex: 17    Spells: 13/13 levels left

rFire    . . .     SeeInvis +   a - +7 short sword (elec)
rCold    . . .     Gourm    .   (no shield)
rNeg     + . .     Faith    .   H - +0 acid dragon scales
rPois    ∞         Spirit   .   u - +2 helmet
rElec    +         Reflect  .   m - +0 cloak
rCorr    +         Harm     .   (no gloves)
MR       ++...     Clarity  +   n - +1 pair of boots
Stlth    +++.......             (no amulet)
HPRegen  0.25/turn              D - ring of protection from magic
MPRegen  0.15/turn              (no ring)

@: mighty, lightly drained
A: big wings, talons 1, thin skeletal structure 1, yellow scales 1, negative
energy resistance 1, electricity resistance, unbreathing, petrification
resistance, rot immunity, AC +10
a: Fly, Curse Item, Scrying, Transfer Knowledge, Renounce Religion


You were on level 2 of the Orcish Mines.
You worshipped Ashenzari.
Ashenzari was extremely pleased with you.
You were not hungry.

You visited 3 branches of the dungeon, and saw 21 of its levels.

You collected 2231 gold pieces.

Inventory:

Hand Weapons
 a - a +7 short sword of electrocution (weapon)
 b - a +3 dagger of holy wrath
Missiles
 s - a throwing net (quivered)
Armour
 h - a +1 chain mail of fire resistance
 m - a +0 cloak (worn)
 n - a +1 pair of boots (worn)
 t - a +1 chain mail of cold resistance
 u - a +2 helmet (worn)
 H - +0 acid dragon scales (worn)
Jewellery
 D - a ring of protection from magic (left hand)
Wands
 d - a wand of iceblast (12)
 k - a wand of paralysis (6)
 r - a wand of acid (12)
Scrolls
 c - 12 scrolls of remove curse
 e - 4 scrolls of magic mapping
 l - 2 scrolls of blinking
 p - 3 scrolls of identify
 v - 3 scrolls of teleportation
 w - 7 scrolls of fear
 x - a scroll of summoning
 y - 5 scrolls of fog
 z - a scroll of enchant armour
Potions
 o - a potion of might
 q - 2 potions of curing
 C - 2 potions of resistance
 I - 2 potions of cancellation
 M - a potion of agility
Comestibles
 f - 40 rations


   Skills:
 + Level 11.3 Fighting
 * Level 13.3 Short Blades
 - Level 1.7 Throwing
 + Level 11.2 Armour
 * Level 12.4 Dodging
 - Level 5.0 Stealth
 - Level 5.0(4.9) Evocations


You had 13 spell levels left.
You didn't know any spells.
Your spell library contained the following spells:

 Spells                   Type           Power        Failure   Level  Hunger
 Magic Dart               Conj           #...         43%         1    ##.....
 Blink                    Tloc           N/A          58%         2    ###....
 Call Imp                 Summ           #.......     58%         2    ###....
 Poisonous Vapours        Pois/Air       #.....       58%         2    ###....
 Slow                     Hex            #.......     58%         2    ###....
 Conjure Flame            Conj/Fire      #.......     82%         3    ####...
 Mephitic Cloud           Conj/Pois/Air  #.......     82%         3    ####...
 Irradiate                Conj/Tmut      #.........   100%        5    ######.
 Freezing Cloud           Conj/Ice/Air   #.........   100%        6    #######
 Hydra Form               Tmut           #.........   100%        6    #######
 Dragon Form              Tmut           #.........   100%        7    #######
 Ring of Flames           Chrm/Fire      #.........   100%        7    #######
 Statue Form              Tmut/Erth      Unusable     N/A         6    N/A

Dungeon Overview and Level Annotations

Branches:
Dungeon (13/15)            Temple (0/1) D:5            Lair (6/6) D:11
 Shoals (0/4) Lair:2        Snake (0/4) Lair:2        Slime (0/5) Lair:5
    Orc (2/2) D:12            Elf (0/3) Orc:2
 Vaults: D:13-14

Altars:
Ashenzari
Gozag
Nemelex Xobeh
Vehumet
Wu Jian
Zin
The Shining One
Beogh

Shops:
Orc:2 !%=

Annotations:
D:12 3 runed translucent doors, Borgoz's ghost, journeyman KoGl


Innate Abilities, Weirdness & Mutations

You are resistant to torment.
Your stone body is resilient. (AC +10)
You are immune to poison.
Your large and strong wings let you fly indefinitely.
You resist negative energy. (rN+)
You are resistant to electric shocks. (rElec)
You can survive without breathing.
You are immune to petrification.
You are immune to rotting.
You have sharp toenails.
You have a somewhat thin skeletal structure. (Dex +2, Stealth)
You are partially covered in yellow scales. (AC +2)


Message History

The orc high priest is moderately wounded.
The orc high priest hits you but does no damage.
You puncture the orc high priest!
The orc high priest is heavily wounded.
The orc knight hits you with a +0 war axe!
You closely miss the orc high priest.
The orc high priest is heavily wounded.
The orc high priest hits you with a +0 flail.
You impale the orc high priest!!
The orc high priest is almost dead.
The orc knight hits you with a +0 war axe!!
* * * LOW HITPOINT WARNING * * *
You closely miss the orc high priest.
The orc high priest is almost dead.
The orc high priest misses you.
You puncture the orc high priest!
You kill the orc high priest!
You barely miss the orc knight.
The orc knight hits you with a +0 war axe!!
You die...

...#........#(...................
...........###...................
##.#.#....#####..................
* ##....###.###.................
** #...###...###................
* ,...#*#.....###...............
* ,*.#*#.#...#.###..............
* #.......))###.............
##..{# * #o@)###............
##...# , ##...###...........
##..)#*, ,{##)).###..........
##...# * *, ##)..###.........
##o#.##, ∩* , ##.#.###........
##{oo##, *, * , ##...###.......
###.#.## , {, ,{##.#.###........
.###...## ,* {,##...###.........
..###..o## ,,{,##.).###..........


You could see an orc knight.

Vanquished Creatures
  Kirke (Lair:5)
  Snorg (Orc:2)
  Harold (D:8)
  A hydra (Lair:4)
  4 catoblepae (Lair:6)
  A two-headed ogre (D:8)
  5 death yaks (Lair:6)
  3 orc high priests (Orc:2)
  Sonja (Lair:1)
  A sixfirhy (Orc:2)
  4 unseen horrors
  A lindwurm (Lair:5)
  4 orc knights
  A deep elf mage (D:12)
  5 ugly things
  A cyclops (D:9)
  An oklob plant (Lair:4)
  2 centaur zombies (D:11)
  5 orc sorcerers
  4 manticores
  3 black mambas
  4 elephants (Lair:4)
  A black mamba (shapeshifter) (D:11)
  An orange demon (Orc:2)
  Maurice (D:8)
  5 spiny frogs
  A gargoyle (D:11)
  9 komodo dragons
  An ice devil (Orc:2)
  A hellwing (Orc:2)
  A queen bee (Lair:3)
  2 trolls
  Prince Ribbit (D:8)
  Grinder (D:4)
  A slime creature (D:12)
  12 blink frogs
  A dream sheep (Lair:2)
  10 hippogriffs
  A meliai zombie (D:12)
  2 shadows
  A spriggan (Lair:2)
  A hog (Lair:5)
  40 yaks
  2 wyverns
  2 basilisks (D:12)
  4 hungry ghosts
  3 vampire mosquitoes (D:13)
  Duvessa (D:4)
  17 water moccasins
  An acid dragon (D:11)
  7 porcupines
  3 ice beasts
  26 orc warriors
  3 sky beasts
  3 necrophages
  A black bear (D:7)
  4 phantoms
  9 ogres
  5 wolves (Lair:4)
  4 centaurs
  7 crocodiles
  24 bullfrogs
  A gnoll sergeant (D:12)
  A water moccasin zombie (D:9)
  Dowan (D:4)
  3 scorpions
  A water moccasin skeleton (D:10)
  3 wights (D:6)
  2 troll zombies (D:12)
  35 killer bees
  2 electric eels (Lair:5)
  5 howler monkeys
  A vampire bat (Orc:2)
  2 crimson imps
  2 bullfrog zombies
  2 quasits
  5 jellies
  A centaur skeleton (D:9)
  25 orc priests
  A hound (D:7)
  A bullfrog skeleton (D:5)
  17 orc wizards
  8 worker ants
  An iguana (D:8)
  6 ogre zombies (D:12)
  A hound skeleton (D:8)
  3 hound zombies
  Robin (D:3)
  11 gnolls
  14 adders
  A shadow imp (D:7)
  3 oozes (Lair:5)
  An adder skeleton (D:6)
  An adder zombie (D:9)
  2 dart slugs (D:3)
  7 leopard geckos
  73 orcs
  3 ball pythons
  14 bats
  5 giant cockroaches
  18 goblins
  12 hobgoblins
  5 quokkas
  A frilled lizard (D:2)
  A goblin skeleton (D:12)
  2 goblin zombies (D:12)
  5 hobgoblin zombies (D:12)
  A jackal zombie (D:6)
  7 kobolds
  3 orc skeletons (D:12)
  14 orc zombies (D:12)
  A quokka skeleton (D:4)
  A quokka zombie (D:10)
  6 rats
  A plant (Lair:4)
618 creatures vanquished.

Vanquished Creatures (others)
  A komodo dragon (Lair:5)
  A human (Lair:5)
  A wyvern (Lair:5)
  A yak (Lair:5)
  A bush (Lair:3)
  A fungus (Lair:2)
  3 plants
9 creatures vanquished.

Grand Total: 627 creatures vanquished

Notes
Turn   | Place    | Note
-------+----------+-------------------------------------------
     0 | D:1      | Borgoz the Gargoyle Gladiator began the quest for the Orb.
     0 | D:1      | Reached XP level 1. HP: 12/12 MP: 1/1
   141 | D:1      | Reached XP level 2. HP: 17/17 MP: 2/2
   483 | D:1      | Reached skill level 3 in Short Blades
   690 | D:2      | Found a radiant altar of Vehumet.
   719 | D:2      | Reached XP level 3. HP: 22/22 MP: 3/3
   741 | D:2      | Noticed a phantom
   780 | D:2      | Killed a phantom
   780 | D:2      | Reached skill level 1 in Armour
   780 | D:2      | Reached skill level 1 in Stealth
   780 | D:2      | Reached XP level 4. HP: 7/27 MP: 4/4
  1083 | D:2      | Reached XP level 5. HP: 32/32 MP: 5/5
  1952 | D:3      | Noticed Robin
  1990 | D:3      | Killed Robin
  2094 | D:3      | Reached XP level 6. HP: 35/37 MP: 6/6
  2324 | D:3      | Reached skill level 4 in Short Blades
  2395 | D:3      | Found an opulent altar of Gozag.
  2583 | D:3      | Found a shattered altar of Ashenzari.
  2595 | D:3      | Became a worshipper of Ashenzari the Shackled
  2974 | D:4      | Noticed Grinder
  2978 | D:4      | Gained mutation: You are partially covered in yellow
                  | scales. (AC +2) [potion of mutation]
  2978 | D:4      | Gained mutation: You have sharp toenails. [potion of
                  | mutation]
  2978 | D:4      | Gained mutation: You have a somewhat thin skeletal
                  | structure. (Dex +2, Stealth) [potion of mutation]
  2999 | D:4      | Killed Grinder
  2999 | D:4      | Reached XP level 7. HP: 31/42 MP: 7/7
  3155 | D:4      | Noticed Duvessa
  3155 | D:4      | Noticed Dowan
  3177 | D:4      | Killed Dowan
  3195 | D:4      | Killed Duvessa
  3371 | D:4      | Reached * piety under Ashenzari
  3468 | D:4      | Found an ornate altar of the Wu Jian Council.
  3801 | D:5      | Entered Level 5 of the Dungeon
  3825 | D:5      | Reached skill level 5 in Short Blades
  3857 | D:5      | Found a sparkling altar of Nemelex Xobeh.
  3906 | D:5      | Reached XP level 8. HP: 24/48 MP: 8/8
  4099 | D:5      | Found a staircase to the Ecumenical Temple.
  4238 | D:5      | Reached skill level 5 in Dodging
  4933 | D:6      | Reached skill level 6 in Short Blades
  5179 | D:6      | Reached skill level 5 in Fighting
  5179 | D:6      | Reached XP level 9. HP: 42/54 MP: 9/9
  5284 | D:6      | Reached ** piety under Ashenzari
  5464 | D:6      | Found a sparkling altar of Nemelex Xobeh.
  5698 | D:7      | Reached skill level 5 in Stealth
  5879 | D:7      | Found a glowing golden altar of the Shining One.
  5956 | D:7      | Reached skill level 5 in Armour
  6352 | D:7      | Reached skill level 7 in Short Blades
  6621 | D:8      | Noticed Maurice
  6845 | D:8      | Killed Maurice
  6845 | D:8      | Reached XP level 10. HP: 17/60 MP: 10/10
  7144 | D:8      | Noticed Prince Ribbit
  7207 | D:8      | Noticed a two-headed ogre
  7644 | D:8      | Reached *** piety under Ashenzari
  7725 | D:8      | Noticed Harold
  7746 | D:8      | Killed Harold
  7746 | D:8      | Reached skill level 8 in Short Blades
  7770 | D:8      | Killed a two-headed ogre
  7947 | D:9      | Noticed an unseen horror
  7956 | D:9      | Killed an unseen horror
  8006 | D:9      | Noticed a cyclops
  8040 | D:9      | Killed a cyclops
  8040 | D:9      | Reached skill level 9 in Short Blades
  8040 | D:9      | Reached XP level 11. HP: 33/67 MP: 11/11
  9111 | D:9      | Found a glowing silver altar of Zin.
  9512 | D:10     | Entered Level 10 of the Dungeon
  9539 | D:10     | Noticed an unseen horror
  9568 | D:10     | Killed an unseen horror
 10245 | D:10     | Noticed a two-headed ogre
 10418 | D:11     | Noticed a red ugly thing
 10428 | D:11     | Killed a red ugly thing
 10439 | D:11     | Noticed a manticore
 10440 | D:11     | Found a staircase to the Lair.
 10446 | D:11     | Killed a manticore
 10446 | D:11     | Reached skill level 10 in Short Blades
 11109 | D:11     | Reached XP level 12. HP: 51/75 MP: 12/12
 11433 | D:8      | Killed Prince Ribbit
 11611 | D:12     | Reached **** piety under Ashenzari
 11833 | D:12     | Found a runed translucent gate.
 11834 | D:12     | Found a runed translucent gate.
 11834 | D:12     | Noticed Borgoz's ghost (journeyman KoGl)
 11835 | D:12     | Found a runed translucent gate.
 11841 | D:12     | Noticed a fire giant
 12156 | D:12     | Found a staircase to the Orcish Mines.
 12377 | D:12     | Reached skill level 10 in Dodging
 12477 | D:12     | Reached skill level 1 in Evocations
 12554 | D:12     | Reached skill level 11 in Short Blades
 13411 | Lair:1   | Entered Level 1 of the Lair of Beasts
 13707 | Lair:1   | Noticed Sonja
 13722 | Lair:1   | Killed Sonja
 14106 | Lair:2   | Reached XP level 13. HP: 74/80 MP: 14/14
 14175 | Lair:2   | Found a staircase to the Snake Pit.
 14345 | Lair:2   | Got the lajatang "Demonslayer" {protect, Int+3}
 14523 | Lair:2   | Found a staircase to the Shoals.
 15108 | Lair:3   | Reached skill level 10 in Fighting
 16055 | Lair:4   | Reached skill level 10 in Armour
 16096 | Lair:4   | Reached skill level 12 in Short Blades
 16841 | Lair:5   | Noticed Kirke
 16859 | Lair:5   | HP: 3/82 [hog[Kirke] (5)]
 17481 | Lair:5   | Killed Kirke
 17696 | Lair:5   | Reached ***** piety under Ashenzari
 17865 | Lair:5   | Found a staircase to the Slime Pits.
 17890 | Lair:5   | Gained mutation: Your large and strong wings let you fly
                  | indefinitely. [Gargoyle growth]
 17890 | Lair:5   | Reached XP level 14. HP: 53/88 MP: 17/17
 18737 | Lair:6   | Entered Level 6 of the Lair of Beasts
 19556 | Lair:6   | Reached skill level 5 in Evocations
 20618 | Orc:1    | Entered Level 1 of the Orcish Mines
 20856 | Orc:1    | Found a roughly hewn altar of Beogh.
 21274 | Orc:2    | Entered Level 2 of the Orcish Mines
 21472 | Orc:2    | Found Zacitav's Jewellery Emporium.
 21475 | Orc:2    | Noticed Snorg
 21505 | Orc:2    | Killed Snorg
 21523 | Orc:2    | Found a staircase to the Elven Halls.
 21758 | Orc:2    | Reached skill level 13 in Short Blades
 21857 | Orc:2    | Found Axtucwir's Food Boutique.
 21876 | Orc:2    | Found Sewkymme's Distillery.
 23132 | Orc:2    | Slain by an orc knight

Levels and vault maps discovered:
D:1:      dpeg_arrival_renting, layout_loops_ring
D:2:      layout_loops_corners, vehumet_crystals, kennysheep_donut
D:3:      cheibrodos_greedy_goblins, layout_loops_corners,
          nicolae_gozag_cash_rules_everything_around_me,
          evilmike_ruin_ashenzari, uniq_robin
D:4:      layout_loops_ring, lemuel_round_altar, serial_glass, glass_columns_a,
          glass_columns_b, glass_columns_a, glass_columns_a, first_ration,
          uniq_grinder, uniq_duvessa
D:5:      layout_loops_ring, temple_doors_e, nemelex_spade_bored_becter
D:6:      layout_basic, nemelex_altar_shiori, minmay_misc_feat_pillars
D:7:      layout_basic, overflow_temple_1_default
D:8:      layout_rooms, uniq_harold, uniq_maurice, uniq_prince_ribbit1
D:9:      layout_grid_maze, kennysheep_mini
D:10:     layout_basic
D:11:     layout_basic, lair_entry_dummy
D:12:     minmay_the_grid_four_pointed_star_mashed
          [minmay_the_grid_triangle_9x9_swiss_cheese,
          minmay_the_grid_triangle_9x9_flanged_cone,
          minmay_the_grid_triangle_9x9_pentomino_pain,
          minmay_the_grid_triangle_9x9_sparse_checkered,
          minmay_the_grid_prize_inner_circle], layout_long_grid,
          zombieorc2_lemuel, gammafunk_ghost_split
D:13:     layout_loops_cross, serial_shops, shop, ebering_ghost_rock_garden,
          uniq_jorgrun
Lair:1:   layout_chaotic_city, serial_rivers, chequers_serial_rivers_micro_b,
          chequers_serial_rivers_small_a, chequers_serial_rivers_room_a,
          chequers_serial_rivers_micro_d, chequers_serial_rivers_large_a,
          chequers_serial_rivers_marsh, minivault_27, uniq_sonja
Lair:2:   layout_misc_corridors, elwin_shoals_entry_rocks,
          minmay_snake_entry_six_corridors, grunt_forest_large_clearing_hut
Lair:3:   layout_misc_corridors, special_room [special_room_bee],
          beast_lair_carwin_9
Lair:4:   layout_cave_pods
Lair:5:   layout_cave_pods, nicolae_slime_entry_slimehenge, grunt_megastairs_2,
          serial_bayou_shore_a, uniq_kirke
Lair:6:   evilmike_catoblepas_cave, layout_regular_city, lemuel_fruit_tree,
          grunt_megastairs_3, serial_bayou_shore_b
Orc:1:    layout_caves, mines2_david
Orc:2:    pf_orc_diabolical, layout_diamond_mine, serial_shops, shop,
          roderic_batcave, uniq_snorg

Skill      XL: |  1  2  3  4  5  6  7  8  9 10 11 12 13 14 |
---------------+-------------------------------------------+-----
Short Blades   | 3 4 5 6 7 9 10 11 12 13 | 13.3
Armour         | 1 2 3 4 5 7 8 9 10 11 | 11.2
Dodging        | 3 4 5 6 8 9 10 11 12 | 12.4
Stealth        | 1 2 3 4 5 |  5.0
Fighting       | 3 4 5 6 7 8 9 10 11 | 11.3
Evocations     | 2 4 5 |  5.0
Throwing       | |  1.7

Action                   |  1- 3 |  4- 6 |  7- 9 | 10-12 | 13-15 || total
-------------------------+-------+-------+-------+-------+-------++-------
Melee: Rapier            |    91 |   222 |   515 |       |       ||   828
       Kick              |       |     4 |    51 |       |       ||    55
       Short sword       |       |       |       |   843 |  1205 ||  2048
       Unarmed           |       |       |       |       |     2 ||     2
Throw: Throwing net      |       |     2 |     4 |     1 |     3 ||    10
Evoke: Wand              |       |       |       |       |     1 ||     1
  Use: Potion            |     1 |     4 |     8 |     4 |     6 ||    23
       Scroll            |       |       |       |    18 |     6 ||    24
 Stab: Sleeping          |     1 |     2 |    11 |    21 |     6 ||    41
       Held in net/web   |       |     1 |     1 |       |     3 ||     5
       Distracted        |       |       |     1 |     1 |       ||     2
       Petrifying        |       |       |       |       |     1 ||     1
       Petrified         |       |       |       |       |     1 ||     1
  Eat: Chunk             |       |     7 |     9 |    19 |    26 ||    61
       Ration            |       |       |     1 |     3 |     1 ||     5
Armor: Leather armour    |    36 |    82 |   213 |   135 |       ||   466
       Acid dragon scale |       |       |       |   100 |   371 ||   471
Dodge: Dodged            |    58 |   131 |   417 |   532 |   954 ||  2092

Table legend:
 A = Non-vault XP
 B = Vault XP
 C = Vault XP percentage of total XP
 D = Non-vault monster count
 E = Vault monster count
 F = Vault count percentage of total count
                 A         B        C        D         E       F
            +---------+---------+-------+---------+---------+-------
      Total |   43386 |   42171 |  49.3 |     389 |     230 |  37.2
            +---------+---------+-------+---------+---------+-------
        D:1 |      29 |       0 |   0.0 |      17 |       0 |   0.0
        D:2 |     214 |       0 |   0.0 |      14 |       0 |   0.0
        D:3 |     145 |      59 |  28.9 |      23 |      24 |  51.1
        D:4 |     133 |     505 |  79.2 |       8 |       3 |  27.3
        D:5 |     771 |       0 |   0.0 |      14 |       0 |   0.0
        D:6 |     841 |       0 |   0.0 |      21 |       0 |   0.0
        D:7 |    1511 |       0 |   0.0 |      27 |       0 |   0.0
        D:8 |    2102 |    1783 |  45.9 |      20 |       3 |  13.0
        D:9 |    5316 |       0 |   0.0 |      52 |       0 |   0.0
       D:10 |    2511 |       0 |   0.0 |      26 |       0 |   0.0
       D:11 |    3830 |       0 |   0.0 |      17 |       0 |   0.0
       D:12 |    4436 |    4134 |  48.2 |      26 |      51 |  66.2
       D:13 |    1288 |       0 |   0.0 |      10 |       0 |   0.0
     Lair:1 |     782 |     802 |  50.6 |       6 |       1 |  14.3
     Lair:2 |    3416 |    2863 |  45.6 |      17 |      19 |  52.8
     Lair:3 |    1681 |    3057 |  64.5 |       9 |      25 |  73.5
     Lair:4 |    6320 |       0 |   0.0 |      22 |       0 |   0.0
     Lair:5 |    4166 |    3572 |  46.2 |      25 |      10 |  28.6
     Lair:6 |     885 |   13522 |  93.9 |       3 |      31 |  91.2
      Orc:1 |    2323 |      12 |   0.5 |      25 |       4 |  13.8
      Orc:2 |     686 |   11862 |  94.5 |       7 |      59 |  89.4
            +---------+---------+-------+---------+---------+-------
